[Event "31st MPL National U18G Chess-ch 2022"]
[Site "Pollachi"]
[Date "2022.04.18"]
[Round "2.5"]
[White "Rebecca Jesumarian"]
[Black "Padmini S"]
[Result "1-0"]
[ECO "A52"]
[WhiteElo "1814"]
[BlackElo "1306"]
[Annotator "NA RC"]
[PlyCount "53"]
[EventDate "2022.04.18"]
[EventCountry "IND"]
[SourceTitle "playchess.com"]
[Source "ChessBase"]
[SourceQuality "1"]
[TimeControl "5400+30"]

1. d4 Nf6 2. c4 e5 3. dxe5 Ng4 4. e3 Nxe5 5. Nc3 d6 6. f4 Nec6 7. Nf3 g6 8. Bd3 Bg7 9. O-O Nd7 10. Nd5 Nf6 (10... O-O $11) 11. Qe1 O-O 12. Bd2 Nxd5 13. cxd5 Ne7 14. e4 Bxb2 15. Rb1 Bg7 $11 16. f5 Re8 17. Qh4 gxf5 18. Ng5 h6 19. Nxf7 Kxf7 20. Qh5+ Kf8 21. exf5 Ng8 22. f6 $1 Nxf6 23. Qg6 ({Less strong is} 23. Bc3 {[#]} Re5 $1 24. Bxe5 dxe5 $18) 23... Qe7 24. Bxh6 Qf7 25. Rxf6 Qxf6 26. Qxf6+ Kg8 27. Qxg7# 1-0

[Event "31st MPL National U18G Chess-ch 2022"]
[Site "Pollachi"]
[Date "2022.04.18"]
[Round "2.6"]
[White "Keerti Shree Reddy"]
[Black "Kavyasree T V S"]
[Result "1-0"]
[ECO "B01"]
[WhiteElo "1721"]
[BlackElo "1167"]
[Annotator "NA RC"]
[PlyCount "95"]
[EventDate "2022.04.18"]
[EventCountry "IND"]
[SourceTitle "playchess.com"]
[Source "ChessBase"]
[SourceQuality "1"]
[TimeControl "5400+30"]

1. e4 d5 2. exd5 Nf6 3. d4 Bg4 4. Be2 Bxe2 5. Nxe2 Qxd5 6. O-O Nc6 7. Nbc3 Qh5 8. Qd3 O-O-O 9. a3 e5 10. Ng3 Qg4 11. d5 Ne7 12. Be3 a6 13. f4 Nfxd5 14. Rad1 Qg6 15. fxe5 Qxd3 16. Rxd3 Nxe3 17. Rxe3 Nc6 18. Kh1 Rd2 19. Rxf7 Rxc2 20. e6 Bc5 21. Re1 Nd8 22. Rf5 Be7 23. Nd5 Nc6 24. Rf7 Re8 25. Nf5 Bf6 26. e7 Kd7 27. Nxg7 Bxg7 28. Rxg7 Rf2 29. g4 Nd4 30. Kg1 Rf3 31. g5 Rf5 32. Nf6+ Kc8 33. Nxe8 Nf3+ 34. Kf1 Nxe1+ 35. Kxe1 Re5+ 36. Kf2 Kd7 37. Nf6+ Kc6 38. e8=Q+ Rxe8 39. Nxe8 Kb5 40. Rxc7 b6 41. Rxh7 Kc4 42. g6 Kb3 43. g7 Kxb2 44. g8=Q Kxa3 45. Qc4 b5 46. Qc3+ Ka4 47. Ra7 a5 48. Rxa5# 1-0

[Event "31st MPL National U18G Chess-ch 2022"]
[Site "Pollachi"]
[Date "2022.04.18"]
[Round "2.7"]
[White "Yashvi Jain"]
[Black "Sachi Jain"]
[Result "0-1"]
[ECO "A90"]
[WhiteElo "1310"]
[BlackElo "1401"]
[Annotator "NA RC"]
[PlyCount "84"]
[EventDate "2022.04.18"]
[EventCountry "IND"]
[SourceTitle "playchess.com"]
[Source "ChessBase"]
[SourceQuality "1"]
[TimeControl "5400+30"]

1. d4 d5 2. c4 e6 3. Nf3 f5 4. g3 Nf6 5. Bg2 c6 6. O-O Bd6 7. b3 Qe7 8. Ne5 O-O 9. Nd3 Nbd7 10. Bf4 Bxf4 11. Nxf4 g5 12. Nd3 Qf7 13. Nc3 h5 14. Ne5 Qg7 15. e3 Nxe5 16. dxe5 Ng4 17. h3 Nxe5 18. cxd5 exd5 19. Qxh5 Be6 20. Rfd1 g4 21. hxg4 Nxg4 22. Ne2 Rf6 23. Nf4 Bf7 24. Qh1 Re8 25. Re1 Rh6 26. Bh3 d4 27. exd4 Qxd4 28. Qf3 Ne5 29. Qe3 Qb4 30. Red1 Ng6 31. Rd4 Qb6 32. Qc3 Nxf4 33. Rxf4 Rxh3 34. Rxf5 Rh6 35. Rd1 Qc7 36. Rd4 Qe7 37. Kg2 Bd5+ 38. Rfxd5 cxd5 39. Rg4+ Kh7 40. Qd3+ Kh8 41. Qd4+ Qe5 42. Qxa7 Qa1 0-1

[Event "31st MPL National U18G Chess-ch 2022"]
[Site "Pollachi"]
[Date "2022.04.19"]
[Round "3.1"]
[White "Jyothsna L"]
[Black "Khairmode Dhanashree"]
[Result "*"]
[ECO "A30"]
[WhiteElo "2052"]
[BlackElo "1438"]
[Annotator "TA"]
[PlyCount "64"]
[EventDate "2022.04.18"]
[EventCountry "IND"]
[SourceTitle "playchess.com"]
[Source "ChessBase"]
[SourceQuality "1"]
[TimeControl "5400+30"]

1. b3 Nf6 2. Bb2 g6 3. g3 Bg7 4. Bg2 O-O 5. c4 c5 6. Nf3 Nc6 7. O-O b6 8. Nc3 Bb7 9. d4 cxd4 10. Nxd4 Rc8 {[%emt 0:00:41] The main line 10...Rc8 scores better than 10...Qc8. A30: Symmetrical English: Double Fianchetto and Hedgehog.} 11. Qd2 {[%emt 0:07:11] &Bianco is more active.} d6 12. Nxc6 Bxc6 {[%emt 0:00:04] [#] White is slightly better.} 13. e4 $146 ({Predecessor:} 13. Bxc6 Rxc6 14. e4 Qd7 15. Rad1 Rfc8 16. Rfe1 h5 17. e5 Ng4 18. Nd5 e6 19. Nb4 Rc5 20. exd6 a5 21. Bxg7 Kxg7 22. Nd3 R5c6 {1-0 (22) Grover,S (2490)-Van Zyl Rudd,J (2252) Pretoria 2018}) 13... Nd7 14. Rad1 Qc7 (14... a6 $11) 15. Nd5 $14 Bxd5 16. exd5 Bxb2 17. Qxb2 Qc5 18. Qe2 Rfe8 19. Kh1 Rc7 20. f4 a6 21. Bh3 Nf8 (21... Nf6 $11) 22. f5 b5 23. fxg6 hxg6 24. cxb5 axb5 25. Qf3 f6 26. Qe2 Ra8 27. Rd2 Kg7 28. Re1 (28. Bg4 $11) 28... Qc3 (28... Nh7 $15) 29. Qd1 (29. Rd3 $11 Qa5 30. Re3) 29... b4 (29... Nh7 $15) 30. Bf1 Qc5 31. Bh3 ({Better is} 31. h4 $11) 31... Ra5 (31... Nh7 $15) 32. Re4 (32. Bg2 $11) 32... Qa7 {[%emt 0:00:48] Weighted Error Value: White=0.32/Black=0.18 (very precise)} *

[Event "31st MPL National U18G Chess-ch 2022"]
[Site "Pollachi"]
[Date "2022.04.19"]
[Round "3.2"]
[White "Vakcheri Mohitha"]
[Black "Bhagyashree Patil"]
[Result "0-1"]
[ECO "E12"]
[WhiteElo "1459"]
[BlackElo "1974"]
[Annotator "TA"]
[PlyCount "102"]
[EventDate "2022.04.18"]
[EventCountry "IND"]
[SourceTitle "playchess.com"]
[Source "ChessBase"]
[SourceQuality "1"]
[TimeControl "5400+30"]

1. d4 d5 2. c4 e6 3. Nc3 Nf6 4. Bg5 Be7 5. e3 b6 6. Nf3 Bb7 7. Bd3 Nbd7 {[%emt 0:00:15] E12: Queen's Indian: Unusual White 4th moves, 4 a3, 4 Nc3 Bb7 5 a3 and 4 Nc3 Bb7 .} 8. cxd5 Nxd5 9. Bxe7 Qxe7 {[%emt 0:00:13] The position is equal.} 10. O-O O-O 11. Qe2 c5 12. Ba6 Bxa6 13. Qxa6 {[%emt 0:00:00] [#]} N7f6 $146 ({Predecessor:} 13... Nb4 14. Qa4 cxd4 15. Nxd4 Nf6 16. Rad1 Nbd5 17. Nxd5 Nxd5 18. a3 Rfc8 19. Rc1 Qb7 {½-½ (27) Issakainen,A (2216)-Seppanen,A (2199) Finland 2000}) 14. Nxd5 Nxd5 15. Rac1 Rfc8 16. a3 Rc7 17. dxc5 Rxc5 18. b4 Rc7 19. Nd4 Nc3 20. Rc2 {[%emt 0:00:00] [#] And now Rfc1 would win.} e5 21. Nf5 Qd7 22. Rfc1 b5 {[%emt 0:12:24] [#]} 23. Qd6 $1 $14 Ne2+ $1 24. Kf1 Rxc2 $4 (24... Nxc1 $14 25. Rxc7 Qxf5 26. Rxc1 Re8) 25. Qxd7 $18 Nxc1 26. g3 a6 27. Qb7 ({Weaker is} 27. Qd5 Re8 28. Ne7+ Kf8 $18) 27... Rf8 28. Qe4 {[%emt 0:00:00] Inhibits Nd3.} ({Not} 28. Qxa6 Nd3 29. f4 (29. Qxb5 Rxf2+ 30. Kg1 Rd2 $11) 29... g6 $11) 28... Rd2 29. Qxe5 Rxf2+ 30. Kg1 Rxf5 31. Qxf5 {[%emt 0:00:00][%mdl 4096] Endgame KQ-KRN} Ne2+ 32. Kf2 Nc3 33. Qd7 Ne4+ 34. Kg2 h6 (34... g6 $142 35. g4 Ng5) 35. Qc6 Ng5 36. h4 Ne6 37. Qxa6 Rb8 38. a4 bxa4 39. Qxa4 Kh7 40. b5 g6 41. Qc4 Rb6 42. Qd5 h5 43. Kf3 Kg8 (43... Kg7 $142 44. Qc4 Kf8 45. Qb4+ Ke8) 44. Qa8+ Kg7 45. Qa5 Rb7 46. Qa6 Re7 47. Qc8 {[%emt 0:01:06] Threatens to win with b6.} Rc7 48. Qxc7 $2 Nxc7 $17 49. b6 Na6 {[%emt 0:00:53] Hoping for ...Nc5.} 50. Kf4 $2 (50. Ke4 $17) 50... Nc5 $19 51. Ke5 Nd7+ {[%emt 0:00:06] Never resign too early!  Weighted Error Value: White=0.57/Black=0.52} 0-1

[Event "31st MPL National U18G Chess-ch 2022"]
[Site "Pollachi"]
[Date "2022.04.19"]
[Round "3.3"]
[White "Sindhusree K"]
[Black "Rindhiya V"]
[Result "0-1"]
[ECO "A25"]
[WhiteElo "1467"]
[BlackElo "1949"]
[Annotator "TA"]
[PlyCount "84"]
[EventDate "2022.04.18"]
[EventCountry "IND"]
[SourceTitle "playchess.com"]
[Source "ChessBase"]
[SourceQuality "1"]
[TimeControl "5400+30"]

1. c4 e5 2. Nc3 Nc6 3. g3 g6 4. Bg2 Bg7 5. e3 Nge7 6. Nge2 d6 7. O-O Be6 8. d3 O-O 9. a3 {[%emt 0:00:08] A25: English Opening vs King's Indian with ...Nc6 but without early d3.} Qd7 10. b4 Bh3 11. Rb1 {[%emt 0:10:26] The position is equal.} Bxg2 12. Kxg2 {[%emt 0:00:04] [#]} d5 $146 ({Predecessor:} 12... f5 13. Qb3 Kh8 14. f4 Rae8 15. Nd5 Nc8 16. Bd2 Nd8 17. a4 c6 18. Ndc3 Ne6 {0-1 (25) Gorshkov,L (2108)-Van Mechelen,J (2281) Roux 2009}) 13. Qc2 Nd8 14. e4 (14. Nxd5 $11 Nxd5 15. cxd5) 14... c6 (14... d4 $1 $17 15. Nd5 f5) 15. f4 $11 d4 16. Na4 f5 (16... b6 {keeps more tension.} 17. fxe5 Bxe5 18. Bh6 Re8) 17. fxe5 {[%emt 0:08:52] Strongly threatening Nc5.} (17. Nc5 $5 Qc7 18. exf5 $11) 17... Bxe5 (17... b6 $1 $11) 18. Nc5 Qd6 19. Bf4 $1 $36 {[%emt 0:02:43][%mdl 2048] White fights for an advantage.} Re8 (19... Bxf4 $14 20. Nxf4 (20. gxf4 b6 $11) 20... fxe4) 20. Nb3 (20. Bxe5 $16 Qxe5 21. Qb2) 20... fxe4 $1 $14 21. Bxe5 (21. dxe4 $2 d3 22. Bxe5 dxc2 $19) 21... Qxe5 22. Nexd4 {[%emt 0:03:34] Rbe1 is the strong threat.} (22. Nbxd4 Nf5 23. Nxf5 exd3 24. Qxd3 (24. Nh6+ Kg7 $17) 24... Qxe2+ 25. Qxe2 Rxe2+ 26. Kf3 Rxh2 $17) 22... Nf5 ({Black should play} 22... c5 $1 $14 23. bxc5 Ndc6) 23. Nxf5 $16 gxf5 {[%emt 0:00:03] [#]} 24. dxe4 (24. Rbe1 $142 $1) 24... fxe4 $2 (24... Qxe4+ $16 25. Qxe4 fxe4) 25. Nc5 $18 {[%emt 0:02:43] Black must now prevent Nd7.} Re7 {[%emt 0:03:13] Against Nd7} 26. Rbe1 (26. Qf2 Ne6 $11) 26... e3 27. Rf5 Qg7 28. Ne4 Ne6 29. Nf6+ (29. Rxe3 $2 Nd4 30. Qf2 (30. Nf6+ $2 Kh8 $19) 30... Nxf5 31. Qxf5 Rf8 $19) 29... Kh8 {[%emt 0:00:16] And now ...Nd4 would win.} 30. Nh5 ({Wrong is} 30. Rxe3 $2 Nd4 31. Rxe7 Qxe7 $19) ({White has to play} 30. Qc3 $18 Qg6 31. Nd5+ Qg7 32. Qxg7+ (32. Rxe3 cxd5 33. Qxg7+ Nxg7 $17) 32... Rxg7 33. Nxe3) 30... Qd4 $14 31. Rd1 {[%emt 0:01:07] Prevents Qd2+.} e2 $1 (31... Qg4 32. Qb2+ Ng7 33. Rdf1 Qe4+ 34. Kg1 Qxf5 35. Rxf5 $16) 32. Rxd4 ({Not} 32. Qxe2 $2 {[#]} Nf4+ $1 33. Kf1 Nxe2 $19) (32. Re1 $14 {was the only good move.} Qg4 33. Qb2+ (33. Rxe2 $2 Nd4 $19) 33... Nd4 34. Rf4 Qxh5 35. Qxd4+ Qe5 36. Qxe5+ Rxe5 37. Kf2) 32... e1=N+ $19 33. Kh3 $2 (33. Kh1 {was called for.} Nxc2 34. Re4) 33... Nxc2 {[%emt 0:00:00] Pair of Knights!} 34. Rd3 Ng7 35. Nxg7 {[%emt 0:00:23] Black has a decisive advantage.} Kxg7 36. Rf2 Ne1 37. Rd4 Rae8 38. Rg4+ Kh8 39. Rh4 Nd3 40. Rf5 Ne5 41. a4 Ng6 42. Rhh5 Re5 {[%emt 0:00:16] Weighted Error Value: White=0.48/Black=0.34} 0-1

[Event "31st MPL National U18G Chess-ch 2022"]
[Site "Pollachi"]
[Date "2022.04.19"]
[Round "3.4"]
[White "Tejaswi R"]
[Black "Rebecca Jesumarian"]
[Result "1-0"]
[ECO "E87"]
[WhiteElo "1460"]
[BlackElo "1814"]
[Annotator "NA RC"]
[PlyCount "133"]
[EventDate "2022.04.18"]
[EventCountry "IND"]
[SourceTitle "playchess.com"]
[Source "ChessBase"]
[SourceQuality "1"]
[TimeControl "5400+30"]

1. d4 Nf6 2. c4 g6 3. Nc3 Bg7 4. e4 d6 5. Bd3 O-O 6. Nge2 e5 7. d5 Na6 8. f3 Nc5 9. Bc2 a5 10. Be3 Ne8 11. Qd2 f5 12. O-O-O f4 (12... fxe4 $14 13. Nxe4 (13. Bxc5 exf3 14. Be3 fxe2 $15) 13... Nxe4 14. fxe4 (14. Bxe4 Qe7 $11) 14... Nf6) 13. Bxc5 dxc5 14. Rdf1 (14. Ba4 $16) 14... Nd6 15. Bd3 a4 16. a3 Bd7 17. Qc2 b6 (17... c6 $11) 18. g4 Bf6 19. h3 Bh4 20. Nb5 Bxb5 21. cxb5 Qe8 22. Nc3 Kh8 23. Nxa4 Nxb5 24. Bxb5 Qxb5 25. Nc3 Qa6 26. Qe2 Qxe2 27. Nxe2 b5 28. Kc2 Be7 29. Nc1 Ra4 30. Nd3 Bd6 $1 31. h4 Rfa8 (31... h6 $15) 32. g5 c4 33. Nf2 b4 34. axb4 (34. h5 $14) 34... Rxb4 35. h5 Rab8 36. Nd1 Kg7 (36... Rg8 $1 $11 {feels stronger.}) 37. hxg6 hxg6 38. Rh6 Rh8 39. Rfh1 ({White should try} 39. Rxh8 $14 Kxh8 40. Nc3) 39... Rxh6 40. gxh6+ Kh7 41. Nf2 $1 Rb3 42. Rh3 $2 (42. Ng4 $11 Kh8 43. Rh3) 42... Bc5 43. Nd1 ({Worse is} 43. Ng4 Bd4 44. Nf6+ Kh8 $19) 43... Bd4 44. Nc3 Rb6 45. Na4 Rb4 46. Nc3 Rb8 47. Rh1 {[%emt 0:02:18] [#]} g5 $1 48. Rh5 {[%emt 0:02:16] [#]} Kg6 $2 (48... Rg8 $1 $19 49. Nb1 g4 50. fxg4 f3) 49. Rh1 (49. Rh3 $1 $11 {was preferrable.}) 49... Rh8 (49... g4 $1 $15 {should be considered.} 50. fxg4 f3) 50. Nb5 Bb6 51. d6 cxd6 52. Nxd6 Rxh6 53. Rxh6+ Kxh6 54. Nf7+ Kh5 55. Nxe5 Bd4 56. Nxc4 $11 Kh4 57. Kd3 Bc5 58. Ke2 Kg3 59. e5 Kg2 60. Nd2 Bb4 61. e6 g4 62. fxg4 Bxd2 63. Kxd2 f3 64. e7 f2 65. e8=Q f1=Q 66. Qe2+ Qxe2+ 67. Kxe2 1-0

[Event "31st MPL National U18G Chess-ch 2022"]
[Site "Pollachi"]
[Date "2022.04.19"]
[Round "3.5"]
[White "Azal Nasir"]
[Black "Keerti Shree Reddy"]
[Result "0-1"]
[ECO "B28"]
[WhiteElo "1459"]
[BlackElo "1721"]
[Annotator "NA RC"]
[PlyCount "74"]
[EventDate "2022.04.18"]
[EventCountry "IND"]
[SourceTitle "playchess.com"]
[Source "ChessBase"]
[SourceQuality "1"]
[TimeControl "5400+30"]

1. e4 c5 2. Nf3 a6 3. d4 cxd4 4. Nxd4 Nf6 5. Nc3 e5 6. Nb3 Bb4 7. Bd3 Bxc3+ 8. bxc3 d6 9. O-O O-O 10. f4 Qc7 11. Qe1 b5 12. Qg3 Nh5 13. Qh4 Nxf4 14. Bxf4 exf4 15. Qxf4 Nd7 16. Rad1 Ne5 17. Nd4 Qxc3 18. Nf5 Bxf5 19. exf5 Nxd3 20. Rxd3 Qxc2 21. Qxd6 f6 22. Qd5+ Kh8 23. Rg3 Ra7 24. a3 Rc7 25. Kh1 Qc4 26. Qf3 Rfc8 27. Rd1 Qc2 28. Rf1 Rc3 29. Qb7 Rxg3 30. hxg3 Qc6 31. Qe7 Qc7 32. Qxc7 Rxc7 33. Rd1 h5 34. Rd6 a5 35. Rd3 Rc5 36. Rf3 Kh7 37. Kh2 Kh6 0-1

[Event "31st MPL National U18G Chess-ch 2022"]
[Site "Pollachi"]
[Date "2022.04.19"]
[Round "3.6"]
[White "Sachi Jain"]
[Black "Jeevika S"]
[Result "1-0"]
[ECO "B82"]
[WhiteElo "1401"]
[BlackElo "1239"]
[Annotator "NA RC"]
[PlyCount "77"]
[EventDate "2022.04.18"]
[EventCountry "IND"]
[SourceTitle "playchess.com"]
[Source "ChessBase"]
[SourceQuality "1"]
[TimeControl "5400+30"]

1. e4 c5 2. Nf3 d6 3. d4 cxd4 4. Nxd4 Nf6 5. Nc3 a6 6. f4 e6 7. Nf3 Be7 8. Bd3 O-O 9. O-O Nbd7 10. Kh1 b5 11. a3 Bb7 12. Qe1 Nc5 13. b4 Ncd7 14. Qg3 Rc8 15. Bd2 Nb6 16. Qh3 Nc4 17. e5 Bxf3 18. exf6 g6 19. fxe7 Qxe7 20. Rxf3 Nxd2 21. Rf2 Rxc3 22. Rxd2 e5 23. fxe5 dxe5 24. Qe3 Rd8 25. Re2 f6 26. h3 Re8 27. Rae1 Kh8 28. Qh6 Qf7 29. Re3 f5 30. Rxe5 Rcc8 31. Qe3 Red8 32. Re7 Qf6 33. Qh6 Kg8 34. Qxh7+ Kf8 35. Qh6+ Kg8 36. R1e6 Qa1+ 37. Kh2 Qh8 38. Rxg6+ Qg7 39. Qxg7# 1-0

[Event "31st MPL National U18G Chess-ch 2022"]
[Site "Pollachi"]
[Date "2022.04.19"]
[Round "3.7"]
[White "Sevitha Viju M"]
[Black "Ishvi Aggarwal"]
[Result "0-1"]
[ECO "E14"]
[WhiteElo "1304"]
[BlackElo "1833"]
[Annotator "NA RC"]
[PlyCount "128"]
[EventDate "2022.04.18"]
[EventCountry "IND"]
[SourceTitle "playchess.com"]
[Source "ChessBase"]
[SourceQuality "1"]
[TimeControl "5400+30"]

1. c4 e6 2. Nf3 Nf6 3. Nc3 d5 4. e3 Be7 5. b3 b6 6. Bb2 Bb7 7. cxd5 exd5 8. d4 O-O 9. Bd3 Nbd7 10. O-O Ne4 11. Qc2 Ndf6 12. Rac1 Rc8 13. Nb5 $1 a6 {[%emt 0:02:12] [#]} (13... c5 $14) 14. Na7 $1 ({Avoid the trap} 14. Nxc7 $2 Bd6 15. Qe2 (15. Bxe4 $2 dxe4 16. Ne5 Bxc7 $19) 15... Rxc7 $19) 14... Ra8 15. Nc6 Bxc6 16. Qxc6 Bd6 17. Ne5 Qe8 18. Bxe4 (18. f3 $16 Nc5 19. Be2 (19. dxc5 Bxe5 20. Qxe8 Rfxe8 $14)) 18... dxe4 19. Qxe8 Rfxe8 20. Rc6 Re6 21. Rd1 (21. Rcc1 $11) 21... Bxe5 22. Rxe6 {[%emt 0:00:10] [#]} Bxh2+ $1 23. Kxh2 fxe6 24. Rc1 Nd5 25. Kg3 Kf7 (25... Rf8 $17) 26. f3 $1 Rc8 (26... Nxe3 $2 27. fxe4 (27. Rxc7+ Kg6 $16) 27... h5 28. Rxc7+ Kf8 29. d5 exd5 30. Kf3 $18 (30. Bxg7+ Ke8 $18)) (26... exf3 $11 27. e4 Ne7) 27. fxe4 Nf6 (27... Nxe3 $2 28. Kf3 $18) 28. e5 Nd7 29. e4 Kg6 $2 (29... a5 $11) 30. Rc6 Kf7 {[%emt 0:00:28] [#]} 31. Ba3 $2 (31. d5 $1 $18 ) 31... Nb8 $1 32. Rc1 Nd7 {[%emt 0:01:55] [#]} (32... c5 $14) 33. Bd6 $1 c5 34. d5 (34. a4 $16) 34... Re8 35. Rf1+ Kg6 36. dxe6 Rxe6 37. Rf5 h6 38. Kf4 b5 39. Ke3 Kh7 40. Rf7 Nxe5 41. Bxe5 Rxe5 42. Rf5 $2 (42. Rc7 $11) 42... Rxf5 43. exf5 {[%emt 0:00:05] [#]} h5 $1 44. Ke4 Kh6 45. Kd5 Kg5 46. Kxc5 Kxf5 47. Kb6 b4 48. Kxa6 h4 49. Kb5 g5 50. Kxb4 g4 51. a4 h3 52. gxh3 gxh3 53. a5 h2 54. Kb5 h1=Q 55. b4 Qb7+ 56. Kc5 Ke6 57. b5 Qa7+ 58. Kc6 Qxa5 59. b6 Qc3+ 60. Kb7 Kd7 61. Ka7 Kc6 62. b7 Qa5+ 63. Kb8 Qc7+ 64. Ka8 Qxb7# 0-1

[Event "31st MPL National U18G Chess-ch 2022"]
[Site "Pollachi"]
[Date "2022.04.19"]
[Round "4.2"]
[White "Rindhiya V"]
[Black "Anupam M Sreekumar"]
[Result "0-1"]
[ECO "C54"]
[WhiteElo "1949"]
[BlackElo "1724"]
[Annotator "TA"]
[PlyCount "120"]
[EventDate "2022.04.18"]
[EventCountry "IND"]
[SourceTitle "playchess.com"]
[Source "ChessBase"]
[SourceQuality "1"]
[TimeControl "5400+30"]

1. e4 e5 2. Nf3 Nc6 3. Bc4 Bc5 4. c3 Nf6 5. d3 d6 6. Nbd2 a6 {[%emt 0:00:40] 6...a5 is a critical line.} 7. Bb3 O-O 8. h3 h6 {[%emt 0:00:51] C54: Giuoco Piano: 4 c3 Nf6, main lines with 5 d4 and 5 d3.} 9. Nf1 d5 10. Qe2 ({White should play} 10. exd5 $11 Nxd5 11. Ng3) 10... Re8 {[%emt 0:00:56] Black is slightly better.} 11. Ng3 Bf8 12. O-O {[%emt 0:00:22] [#]} g6 $146 ({Predecessor:} 12... Na5 13. Bc2 c5 14. Re1 d4 15. Bd2 Nc6 16. Bb3 Na5 17. Bc2 b5 18. cxd4 cxd4 {0-1 (85) Tabatabaei,M (2200)-Behmardi,K (2276) Tabriz 2013}) 13. Rd1 Bg7 14. Bc2 Be6 15. d4 exd4 16. e5 {[%emt 0:00:44] [#]} d3 $1 17. Bxd3 (17. Rxd3 Nd7) 17... Nd7 18. c4 (18. Bf4 $11 {was the only way to keep the balance.}) 18... dxc4 $17 (18... Bxe5 19. Nxe5 Ncxe5 20. cxd5 Bxd5 21. Be4 $11) 19. Be4 Qe7 20. Bf4 Nc5 (20... Bxe5 21. Nxe5 Ndxe5 22. Bxe5 Nxe5 23. Bxb7 $16) 21. Bxc6 bxc6 22. Nd4 {[%emt 0:03:39] White does not recover from this.} (22. Qe3 $17) 22... Bd5 $19 23. Qg4 Kh7 {[%emt 0:01:43] aiming for ...Nd3.} ({Weaker is} 23... Bxe5 24. Ngf5 Qf6 25. Nxh6+ Kf8 26. Bxe5 Qxe5 27. b3 $17) 24. b3 cxb3 ({And not} 24... Bxe5 25. Bxe5 f5 26. Nxc6 Bxc6 27. Qxc4 $11) 25. axb3 Nxb3 ({Worse is} 25... Bxe5 26. Bxe5 Qxe5 27. Ra5) 26. Nxb3 Bxb3 {[%emt 0:00:06] This bishop pair is nice.} 27. Rd7 Qe6 28. Qxe6 Bxe6 29. Rxc7 (29. Rd3) 29... Bd5 (29... g5 $142 30. Re1 gxf4) 30. Ra5 $2 (30. Nf1 {keeps fighting.}) 30... Bxe5 (30... g5 $142 31. Bd2 Bxe5) 31. Bxe5 Rxe5 32. Rxf7+ (32. f3 {was worth a try.}) 32... Bxf7 33. Rxe5 {[%emt 0:00:04][%mdl 4096] Endgame [#] KRB-KRN} a5 $1 {[%emt 0:00:39] ...a4 is the strong threat.} 34. Re3 c5 35. Ne4 a4 {[%emt 0:02:28] And now ...a3 would win.} 36. Ra3 {[%emt 0:01:13] [#]} Ra5 $1 37. Kf1 Bb3 38. Ke2 c4 39. Nc3 Ra6 40. Ne4 (40. Ke3 {might work better.}) 40... Ra8 (40... Re6 $19 41. Kf3 g5) 41. Nc3 (41. Kd2 $17) 41... Re8+ 42. Kf1 Kg7 43. f4 Rf8 44. g3 g5 45. Kg2 gxf4 46. gxf4 Kf6 47. Kf3 Kf5 {[%emt 0:00:46] Threatens to win with ...Rd8.} 48. Ne2 (48. Ra1 $142 Rd8 49. Ke2) 48... Bd1 {[%emt 0:02:36] Strongly threatening ...Re8.} 49. Kf2 Bxe2 50. Kxe2 {[%emt 0:00:03] KR-KR} Ra8 51. Ke3 c3 {[%emt 0:03:19] ( -> ...Rc8)} 52. Rxc3 (52. Kd3 $19 Rc8 53. Kc2) 52... a3 53. Rc5+ Ke6 (53... Kf6 $142 54. Rc6+ Kf5 55. Rc5+ Ke6 56. Rc6+ Kd5 57. Rc1 a2 58. Ra1 Ra3+ 59. Kd2 Rxh3 60. Kc2 Rh2+ 61. Kd3 h5 62. Ke3 Rb2 63. Kf3 Kc4 64. f5 Kb3 65. Kg3 Rb1 66. Rxa2 Kxa2 67. Kh4 Rh1+ 68. Kg3 Rf1 69. f6 Rxf6 70. Kh3 Rf5 71. Kh2 Kb3 72. Kg3 Kc3 73. Kh4 Kd2 74. Kg3 Ke3 75. Kg2 Rg5+ 76. Kh3 Rg4 77. Kh2 Kf3 78. Kh1 Kf2 79. Kh2 Rh4#) 54. Rc1 a2 {[%emt 0:00:05] Black mates.} 55. Ra1 Kf5 56. Kf3 Ra3+ 57. Kg2 Kxf4 58. Rf1+ Ke4 59. Ra1 Kd4 60. Kh2 Kc3 {[%emt 0:00:14] Weighted Error Value: White=0.67/Black=0.45} 0-1

[Event "31st MPL National U18G Chess-ch 2022"]
[Site "Pollachi"]
[Date "2022.04.19"]
[Round "4.3"]
[White "Keerti Shree Reddy"]
[Black "Tejaswi R"]
[Result "1-0"]
[ECO "B74"]
[WhiteElo "1721"]
[BlackElo "1460"]
[Annotator "NA RC"]
[PlyCount "53"]
[EventDate "2022.04.18"]
[EventCountry "IND"]
[SourceTitle "playchess.com"]
[Source "ChessBase"]
[SourceQuality "1"]
[TimeControl "5400+30"]

1. e4 c5 2. Nf3 d6 3. d4 cxd4 4. Nxd4 Nf6 5. Nc3 g6 6. Be3 Bg7 7. Be2 O-O 8. O-O Nc6 9. Nb3 Bd7 10. f4 Rc8 11. Kh1 a6 12. Bf3 b5 13. a3 Qc7 14. g4 Be6 15. Nd2 Na5 16. f5 Bd7 17. g5 gxf5 18. gxf6 Bxf6 19. Nd5 Qxc2 20. Nxf6+ exf6 21. Rg1+ Kh8 22. Bd4 h5 23. Bxf6+ Kh7 24. Rg7+ Kh6 25. Qg1 Qxd2 26. Rh7+ Kxh7 27. Qg7# 1-0

[Event "31st MPL National U18G Chess-ch 2022"]
[Site "Pollachi"]
[Date "2022.04.19"]
[Round "4.4"]
[White "Ishvi Aggarwal"]
[Black "Jyothsna L"]
[Result "1/2-1/2"]
[ECO "A41"]
[WhiteElo "1833"]
[BlackElo "2052"]
[Annotator "TA"]
[PlyCount "63"]
[EventDate "2022.04.18"]
[EventCountry "IND"]
[SourceTitle "playchess.com"]
[Source "ChessBase"]
[SourceQuality "1"]
[TimeControl "5400+30"]

1. d4 d6 2. c4 e5 3. dxe5 dxe5 4. Qxd8+ Kxd8 5. Nc3 Be6 6. b3 c6 7. Nf3 f6 8. Bb2 Kc7 9. O-O-O Nd7 10. e3 a5 11. Be2 {[%emt 0:03:13] A41: 1 d4 d6: Tartakower System and Modern Defence.} Nc5 12. Nd2 Nh6 13. Nde4 {[%emt 0:03:31] The position is equal.} Nxe4 14. Nxe4 {[%emt 0:00:02] [#]} Be7 $146 ({Predecessor:} 14... a4 15. Rd2 Bb4 16. Nc3 axb3 17. axb3 Nf7 18. Bd3 Nd6 19. Rhd1 b6 20. Bc2 Nb7 {0-1 (63) Sultana,Z (2081)-Chatterjee,D (2229) Dhaka 2004}) 15. h3 Nf7 16. Bc3 (16. f4 $11 {deserves consideration.}) 16... b6 17. Rd2 f5 18. Ng3 g6 19. Rhd1 Rhd8 20. Bf3 Rxd2 21. Rxd2 Rd8 22. Bd1 Ba3+ 23. Kb1 Rxd2 24. Bxd2 Bb4 25. Kc2 Kd7 26. Bxb4 axb4 $11 {[%emt 0:00:02][%mdl 4096] Endgame KBN-KBN} 27. f4 c5 28. h4 Kd6 29. Kb2 Bd7 30. Nf1 Bc6 {[%emt 0:01:24] [#] Hoping for ...exf4.} 31. g3 Nd8 32. a3 {[%emt 0:41:42] Weighted Error Value: White=0.11 (very precise) /Black=0.10 (very precise)} 1/2-1/2

[Event "31st MPL National U18G Chess-ch 2022"]
[Site "Pollachi"]
[Date "2022.04.19"]
[Round "4.5"]
[White "Varshita Jain"]
[Black "Chinnam Vyshnavi"]
[Result "1/2-1/2"]
[ECO "C02"]
[WhiteElo "1491"]
[BlackElo "1721"]
[Annotator "NA RC"]
[PlyCount "64"]
[EventDate "2022.04.18"]
[EventCountry "IND"]
[SourceTitle "playchess.com"]
[Source "ChessBase"]
[SourceQuality "1"]
[TimeControl "5400+30"]

1. e4 e6 2. d4 d5 3. e5 c5 4. c3 Qb6 5. Nf3 Bd7 6. Bd3 Bb5 7. dxc5 Bxc5 8. O-O a5 9. Bxb5+ Qxb5 10. Nd4 Bxd4 11. cxd4 Ne7 12. Nc3 Qc6 13. Be3 O-O 14. Rc1 a4 15. Bg5 Qd7 16. Nxa4 Qxa4 17. Bxe7 Re8 18. b3 Qxa2 19. Qg4 Qd2 20. h4 h5 21. Qxh5 Nc6 22. Bf6 Qf4 23. Rc3 Nxd4 24. Rg3 Nf5 25. Rg5 Ra2 26. g4 Rxf2 27. Rxf2 Qg3+ 28. Rg2 Qe3+ 29. Rf2 Qg3+ 30. Rg2 Qe3+ 31. Rf2 Qg3+ 32. Rg2 Qe3+ 1/2-1/2